 Dungeon Crawl Stone Soup version 0.30-a0-586-g23e55c9e0a (webtiles) character file.

Game seed: 15654501104547816432

32 wormed the Trooper (level 3, -1/34 HPs)
             Began as a Naga Fighter on Jan 4, 2023.
             Slain by a gnoll
             ... wielding a +0 halberd
              (14 damage)
             ... on level 2 of the Dungeon.
             The game lasted 00:01:16 (963 turns).

wormed the Trooper (Naga Fighter)                    Turns: 963, Time: 00:01:17

Health: -1/34      AC:  5    Str: 18    XL:     3   Next: 27%
Magic:  3/3        EV:  7    Int: 10    God:
Gold:   87         SH:  4    Dex: 10    Spells: 2/2 levels left

rFire   + + .      SeeInvis +    a - +0 trident
rCold   . . .      Faith    .    c - +0 buckler
rNeg    . . .      Spirit   .    b - +0 scale mail
rPois   +          Reflect  .    (no helmet)
rElec   .          Harm     .    (no cloak)
rCorr   .          Rampage  .    e - +0 pair of gloves
Will    .....                    (no barding) Stlth
                                 (no amulet)
HPRegen 0.25/turn                h - ring of protection from fire
MPRegen 0.08/turn                i - ring of protection from fire

@: very slow
A: AC +1, large, see invisible, deformed body, poison resistance, slowness 2,
spit poison 1, naga tail 1
a: Spit Poison


You were on level 2 of the Dungeon.
You visited 1 branch of the dungeon, and saw 2 of its levels.

You collected 87 gold pieces.

Inventory:

Hand Weapons
 a - a +0 trident (weapon)
Armour
 b - a +0 scale mail (worn)
 c - a +0 buckler (worn)
 e - a +0 pair of gloves (worn)
Jewellery
 h - a ring of protection from fire (left hand)
 i - a ring of protection from fire (right hand)
Scrolls
 g - a scroll of vulnerability {unknown}
 l - a scroll of enchant armour {unknown}
Potions
 d - a potion of might
 f - a potion of lignification
 j - 2 potions of curing {unknown}
 k - a potion of haste {unknown}


   Skills:
 + Level 3.2 Fighting
 * Level 2.5 Polearms
 + Level 2.6 Armour
 + Level 0.6 Dodging
 + Level 2.9 Shields


You had 2 spell levels left.
You didn't know any spells.
Your spell library contained the following spells:

 Spells                   Type           Power      Damage    Failure   Level
 Ozocubu's Armour         Ice            0%         N/A       99%         3
 Ozocubu's Refrigeration  Ice            0%         4d7       100%        7


Dungeon Overview and Level Annotations

Branches:
Dungeon (2/15)

Altars:

Annotations:
D:2 Robin


Innate Abilities, Weirdness & Mutations

Your serpentine skin is tough. (AC +1)
You have supernaturally acute eyesight. (SInv)
Armour fits poorly on your strangely shaped body.
Your system is resistant to poisons. (rPois)
You cover ground very slowly.
You can spit poison.
You have a snake-like lower body.


Message History

You closely miss the goblin. You block the goblin's attack.
Robin throws the goblin at you! You block the goblin's attack.
You barely miss the goblin. The goblin hits you but does no damage.
You block the goblin's attack.
You hit the goblin but do no damage.
A goblin comes into view. It is wielding a +0 dagger.
The goblin barely misses you. The goblin hits you with a +0 dagger.
Robin roars a battlecry!
The goblins go into a battle-frenzy!
The goblin shouts!
You closely miss the goblin. You block the goblin's attack.
The goblin hits you with a +0 dagger.
You closely miss the goblin.
A goblin comes into view. It is wielding a +0 club.
You block the goblin's attack. The goblin closely misses you.
You hit the goblin.
You kill the goblin!
The goblin hits you with a +0 club.
A goblin comes into view. It is wielding a +0 club.
The goblin closely misses you. The gnoll barely misses you.
The goblin moves out of view.
You puncture the gnoll!
The gnoll is severely wounded.
The gnoll barely misses you. The gnoll hits you with a +0 flail.
The goblin hits you with a +0 club.
You barely miss the gnoll.
The gnoll is severely wounded.
You block the goblin's attack. The gnoll closely misses you.
The gnoll hits you with a +0 flail.
You hit the gnoll but do no damage.
The gnoll is severely wounded.
The gnoll hits you from afar with a +0 halberd.
You block the gnoll's attack. The goblin barely misses you.
You are too injured to fight recklessly!
You are too injured to fight recklessly!
You hit the goblin.
You kill the goblin!
The gnoll hits you with a +0 flail.
The gnoll hits you from afar with a +0 halberd!
You die...

###..#..#.. #...###^..#
#.#..#..#.. #.##...###.
#.###.## ## #.##...###.
#.#..#..#..
###########.#.###...#
#ggg@).........#..#..
#..gg########.......###.
#.....########.....### ##
.......................#
..#.....########.....#.####
...#....# #..#..).....
$.......# #...<.#.#.#.
...#...>. #.#.....#.#
#.###.#.#


You could see Robin, 3 gnolls and a goblin (strong).

Vanquished Creatures
  A dart slug (D:1)
  2 bats
  3 endoplasms (D:1)
  A giant cockroach (D:1)
  3 goblins
  2 hobgoblins (D:1)
  4 jackals (D:1)
  8 kobolds (D:1)
  A quokka (D:1)
  2 ball pythons (D:1)
  2 rats
29 creatures vanquished.

Notes
Turn   | Place    | Note
-------+----------+-------------------------------------------
     0 | D:1      | wormed the Naga Fighter began the quest for the Orb.
     0 | D:1      | Reached XP level 1. HP: 21/21 MP: 1/1
   126 | D:1      | HP: 1/21 [hobgoblin (2)]
   130 | D:1      | Reached XP level 2. HP: 2/28 MP: 2/2
   584 | D:1      | Reached XP level 3. HP: 33/34 MP: 3/3
   951 | D:2      | Noticed Robin
   963 | D:2      | Slain by a gnoll

Illustrated notes

Levels and vault maps discovered:
D:1:      tarquinn_simple_flora_water_a, layout_basic, st_stairs_7,
          minmay_misc_feat_cross, hangedman_decor_opposing
D:2:      layout_loops_ring, basic_altar, serial_shops, shop,
          minmay_strange_pillars, uniq_robin, uniq_terence

Action                   || total
-------------------------++-------
Melee: Trident           ||   110
  Use: Scroll            ||     1
Armor: Scale mail        ||    65
Dodge: Dodged            ||    37
Block: Buckler           ||    26

Table legend: (Time is in decaauts)
 A = Elapsed time spent in this place.
 B = Non-inter-level travel time spent in this place.
 C = Inter-level travel time spent in this place.
 D = Time resting spent in this place.
 E = Time spent auto-exploring this place.
 F = Levels seen in this place.
 G = Mean time per level.
                   A        B        C        D        E       F      G
               +--------+--------+--------+--------+--------+-----+--------+
         Total |   1232 |   1232 |      0 |      0 |    963 |   2 |  616.0 |
       Dungeon |   1232 |   1232 |      0 |      0 |    963 |   2 |  616.0 |
               +--------+--------+--------+--------+--------+-----+--------+

Top non-repeatable levels by time:
     D:1: 1123 daAuts
     D:2: 108 daAuts
